 Dungeon Crawl Stone Soup version 0.28.0-45-g0d030f2227 (webtiles) character file.

Game seed: 13234862057804529283

98 McKennaii the Conjurer (level 4, 0/30 HPs)
             Began as a Demonspawn Conjurer on Apr 8, 2022.
             Slain by an orc wizard
             ... wielding a +0 dagger
              (3 damage)
             ... on level 3 of the Dungeon.
             The game lasted 00:02:59 (2612 turns).

McKennaii the Conjurer (Demonspawn Conjurer)        Turns: 2612, Time: 00:03:01

Health: 0/30       AC:  2    Str:  7    XL:     4   Next: 43%
Magic:  1/8        EV: 12    Int: 21    God:
Gold:   75         SH:  0    Dex: 12    Spells: 6/9 levels left

rFire   . . .      SeeInvis .   j - +2 whip (elec)
rCold   . . .      Faith    .   (no shield)
rNeg    . . .      Spirit   .   a - +0 robe
rPois   .          Reflect  .   (helmet restricted)
rElec   .          Harm     .   (no cloak)
rCorr   .          Rampage  .   (no gloves)
Will    .....                   (no boots)
Stlth   ++........              (no amulet)
HPRegen 0.10/turn               (no ring)
MPRegen 0.11/turn               (no ring)

@: no status effects
A: horns 2
a: no special abilities


You were on level 3 of the Dungeon.
You visited 1 branch of the dungeon, and saw 3 of its levels.

You collected 75 gold pieces.

Inventory:

Hand Weapons
 j - a +2 whip of electrocution (weapon)
Armour
 a - a +0 robe (worn)
 k - a +1 ring mail of willpower
Wands
 m - a wand of paralysis (13)
Scrolls
 b - 3 scrolls of enchant armour {unknown}
 d - a scroll of fear {unknown}
 g - a scroll of blinking {unknown}
 h - a scroll of identify {unknown}
 i - a scroll of torment {unknown}
 l - a scroll of noise {unknown}
Potions
 c - a potion of degeneration {unknown}
 e - a potion of ambrosia {unknown}
 f - 2 potions of heal wounds {unknown}


   Skills:
 - Level 2.0 Dodging
 - Level 2.0 Stealth
 + Level 3.2 Spellcasting
 + Level 5.0 Conjurations


You had 6 spell levels left.
You knew the following spells:

 Your Spells              Type           Power      Damage    Failure   Level
a - Magic Dart            Conj           96%        1d7       1%          1
b - Searing Ray           Conj           48%        2d6       2%          2

Your spell library contained the following spells:

 Spells                   Type           Power      Damage    Failure   Level
 Dazzling Flash           Conj/Hex       26%        N/A       14%         3
 Ensorcelled Hibernation  Hex/Ice        6%         N/A       21%         2
 Spider Form              Tmut/Pois      3%         N/A       36%         3
 Fulminant Prism          Conj/Hex       6%         3d7       43%         4
 Iskenderun's Mystic Bla  Conj/Tloc      13%        2d5       43%         4
 Anguish                  Hex/Necr       1%         N/A       78%         4


Dungeon Overview and Level Annotations

Branches:
Dungeon (3/15)

Altars:

Shops:
D:1 ?   D:2 :


Innate Abilities, Weirdness & Mutations

You have a pair of horns on your head.


Message History

The magic dart hits you!
You hit the orc wizard.
The orc wizard is heavily wounded.
The orc wizard hits you with a +0 dagger.
You hit the orc wizard but do no damage.
The orc wizard is heavily wounded.
The orc wizard misses you.
Casting: Magic Dart (safe; 1% risk of failure)
Confirm with . or Enter, or press ? or * to list all spells.
Aiming: Searing Ray (safe; 2% risk of failure)
Press: ? - help, Shift-Dir - straight line The searing ray misses the orc wizard. (Press . to maintain the ray.)
The orc wizard closely misses you.
Unknown command.
The searing ray misses the orc wizard.
The orc wizard closely misses you.
Unknown command.
The searing ray hits the orc wizard.
The orc wizard is almost dead.
The orc wizard misses you.
Unknown command.
You barely miss the orc wizard.
The orc wizard is almost dead.
The orc wizard hits you with a +0 dagger.
Unknown command.
You hit the orc wizard.
You kill the orc wizard!
Your Conjurations skill increases to level 5!
You miss something. Something hits you but does no damage.
You miss something. Something hits you but does no damage.
You barely miss something. Your headbutt misses something. Something hits you.
You miss something. Something hits you.
* * * LOW HITPOINT WARNING * * *
You hit something but do no damage.
You hear some strange, mumbled words.
A magic dart appears from out of thin air!
The magic dart hits you.
* * * LOW HITPOINT WARNING * * *
Something hits you.
You die...

########.#####...#.#
#. ##.##.# ###.###
#.<#.# ......##
##.#.# #....## #.#.#
#####.....###.#.#
........).......#
####.....###.###
##.....{@.# ###
#..####### ##...
#..# ..o...#..#
#.....# #....##
#.#### ... ###


There were no monsters in sight!

Vanquished Creatures
  Jessica (D:3)
  An orc wizard (D:3)
  An orc (D:3)
  2 ball pythons
  7 bats
  4 endoplasms
  A giant cockroach (D:1)
  6 goblins
  6 hobgoblins
  A quokka (D:1)
  2 frilled lizards (D:1)
  6 kobolds
  6 rats
44 creatures vanquished.

Notes
Turn   | Place    | Note
-------+----------+-------------------------------------------
     0 | D:1      | McKennaii the Demonspawn Conjurer began the quest for the
                  | Orb.
     0 | D:1      | Reached XP level 1. HP: 13/13 MP: 3/3
   392 | D:1      | Gained mutation: You have a pair of small horns on your
                  | head. [demonic ancestry]
   392 | D:1      | Reached XP level 2. HP: 19/19 MP: 3/5
   456 | D:1      | Found Isuusivi's Magic Scroll Shoppe.
   703 | D:1      | Found a faded altar of an unknown god.
  1279 | D:1      | Gained mutation: You have a pair of horns on your head.
                  | [demonic ancestry]
  1279 | D:1      | Reached XP level 3. HP: 24/24 MP: 3/6
  1687 | D:2      | Found Zaciom's Book Emporium.
  2507 | D:3      | Noticed Jessica
  2513 | D:3      | Killed Jessica
  2514 | D:3      | Reached XP level 4. HP: 30/30 MP: 1/8
  2517 | D:3      | Learned a level 2 spell: Searing Ray
  2608 | D:3      | Reached skill level 5 in Conjurations
  2612 | D:3      | Slain by an orc wizard

Illustrated notes

Levels and vault maps discovered:
D:1:      psy_arrival_conway, layout_loops_ring, serial_shops,
          nicolae_diamond_shop, hellmonk_ecumenical_altar_arch_garden,
          hex_medium, corexii_leaking_fountain, nrook_mini_backslash,
          serial_bayou_ford_a, minmay_tiny_reverse_x
D:2:      layout_basic, serial_shops, nicolae_shop_statue_plus, serial_forest,
          infiniplex_forest_lined_room_2, infiniplex_forest_lined_room_3,
          infiniplex_forest_lined_3, infiniplex_forest_straight_2,
          infiniplex_forest_end_3, infiniplex_forest_lined_corner
D:3:      layout_loops_ring, minitemple, hangedman_feature_mirror,
          grunt_ministairs_8, minmay_misc_feat_nine_boxes, uniq_jessica

Skill      XL: |  1  2  3  4 |
---------------+-------------+-----
Stealth        | 2 |  2.0
Dodging        | 2 |  2.0
Spellcasting   | 3 |  3.2
Conjurations   | 5 |  5.0

Action                   |  1- 3 |  4- 6 || total
-------------------------+-------+-------++-------
Melee: Unarmed           |     9 |       ||     9
       Punch             |     1 |       ||     1
       Whip              |     2 |    11 ||    13
 Cast: Magic Dart        |    90 |     6 ||    96
       Searing Ray       |       |     1 ||     1
Armor: Robe              |     1 |     3 ||     4
Dodge: Dodged            |     9 |     7 ||    16
